 Dungeon Crawl Stone Soup version 0.30-a0-867-g305f33218d (webtiles) character file.

Game seed: 16388644238160094718

1593379 ragingrage the Worldbinder (level 26, 135/258 HPs)
             Began as a Pale Draconian Reaver on Mar 10, 2023.
             Was the Champion of Ashenzari.
             Escaped with the Orb
             ... and 3 runes!
             The game lasted 02:27:58 (76413 turns).

ragingrage the Worldbinder (Pale Draconian Reaver) Turns: 76413, Time: 02:27:59

Health: 135/258    AC: 27    Str: 22      XL:     26   Next: 38%
Magic:  58/61      EV: 19    Int: 37 (38) God:    Ashenzari [******]
Gold:   6928       SH:  7    Dex: 11      Spells: 4/73 levels left

rFire   + + .      SeeInvis +    b - +1 spear of Star-Bound Wisdom {flame, rF++ Str+2 Stlth+, Self, Cun} (curse)
rCold   + . .      Faith    .    f - +0 buckler of the Ensconced Sage {Int+3, Alch, Comp} (curse)
rNeg    + . .      Spirit   .    (body armour unavailable)
rPois   +          Reflect  .    J - +3 hat of Pondering {ponderous, Will+ MP+10 Int+5, Self, Elem} (curse)
rElec   +          Rampage  .    z - +2 cloak "Share My Seer" {Str+3, Comp, Bglg} (curse)
rCorr   .          Clarity  +    N - +1 pair of gloves "Soothsayer of Ashenzari" {rPois Int+3 Dex+3, Melee, Comp} (curse)
Will    ++...                    t - +2 pair of boots of Apeoromancy {Comp, Melee} (curse)
Stlth   ++                       I - amulet of Desmomancy {RegenMP rElec, Self, Evo} (curse)
HPRegen 0.63/turn                E - ring of the Mantic Cosmos {Int+6, Self, Evo} (curse)
MPRegen 0.77/turn                e - ring "Sybil of Ashenzari" {rC+ rN+ AC+4 Dex-4, Elem, Evo} (curse)

@: on dragon call cooldown, studying 3 skills, slow
A: breathe steam, AC +12, unfitting armour, cold-blooded, steam resistance
0: Orb of Zot
}: 3/15 runes: barnacled, silver, gossamer
a: Breathe Steam, Renounce Religion, Shatter the Chains


You escaped.
You worshipped Ashenzari.
Ashenzari was exalted by your worship.
You visited 10 branches of the dungeon, and saw 48 of its levels.
You also visited: Trove, Ossuary, Bailey, Gauntlet and Ice Cave.

You collected 11925 gold pieces.
You spent 4997 gold pieces at shops.

Inventory:

Hand Weapons
 b - the cursed +1 spear of Star-Bound Wisdom (weapon) {flame, rF++ Str+2 Stlth+, Self, Cun}
   (You found it on level 10 of the Dungeon)

   Str:       It affects your strength (+2).
   rF:        It greatly protects you from fire.
   Stlth:     It makes you more stealthy.
   It has a curse which improves the following skills: Introspection: Fighting
   and Spellcasting.
   Cunning:   Dodging and Stealth.
 S - the +7 long sword "Couroz" {heavy, Fly Int+2}
   (You took it off a yaktaur on level 5 of the Vaults)

   Int:       It affects your intelligence (+2).
   Fly:       It grants you flight.
Missiles
 x - 3 throwing nets
Armour
 f - the cursed +0 buckler of the Ensconced Sage (worn) {Int+3, Alch, Comp}
   (You acquired it on level 8 of the Dungeon)

   Int:       It affects your intelligence (+3).
   It has a curse which improves the following skills: Alchemy: Poison Magic and
   Transmutations.
   Companions: Summonings and Necromancy.
 t - the cursed +2 pair of boots of Apeoromancy (worn) {Comp, Melee}
   (You found it on level 2 of the Elven Halls)

   It has a curse which improves the following skills: Companions: Summonings
   and Necromancy.
   Melee Combat: Short Blades, Long Blades, Axes, Maces & Flails, Polearms,
   Staves and Unarmed Combat.
 z - the cursed +2 cloak "Share My Seer" (worn) {Str+3, Comp, Bglg}
   (You found it in a Gauntlet)

   Str:       It affects your strength (+3).
   It has a curse which improves the following skills: Companions: Summonings
   and Necromancy.
   Beguiling: Conjurations, Hexes and Translocations.
 J - the cursed +3 hat of Pondering (worn) {ponderous, Will+ MP+10 Int+5, Self, Elem}
   (You found it on level 3 of the Elven Halls)

   Int:       It affects your intelligence (+5).
   MP:        It affects your magic capacity (+10).
   Will:      It increases your willpower.
   It has a curse which improves the following skills: Introspection: Fighting
   and Spellcasting.
   Elements:  Fire Magic, Ice Magic, Air Magic and Earth Magic.
 N - the cursed +1 pair of gloves "Soothsayer of Ashenzari" (worn) {rPois Int+3 Dex+3, Melee, Comp}
   (You found it on level 4 of the Dungeon)

   Int:       It affects your intelligence (+3).
   Dex:       It affects your dexterity (+3).
   rPois:     It protects you from poison.
   It has a curse which improves the following skills: Melee Combat: Short
   Blades, Long Blades, Axes, Maces & Flails, Polearms, Staves and Unarmed
   Combat.
   Companions: Summonings and Necromancy.
Jewellery
 e - the cursed ring "Sybil of Ashenzari" (right hand) {rC+ rN+ AC+4 Dex-4, Elem, Evo}
   (You found it in a treasure trove)

   [ring of protection]

   AC:        It affects your AC (+4).
   Dex:       It affects your dexterity (-4).
   rC:        It protects you from cold.
   rN:        It protects you from negative energy.
   It has a curse which improves the following skills: Elements: Fire Magic, Ice
   Magic, Air Magic and Earth Magic.
   Evocations: Evocations.
 k - the amulet of Conflict {RegenMP rCorr Int+2 Slay+6}
   (You found it in a treasure trove)

   [amulet of magic regeneration]

   It increases your rate of magic regeneration.
   Int:       It affects your intelligence (+2).
   Slay:      It affects your accuracy & damage with ranged weapons and melee
   (+6).
   rCorr:     It protects you from acid and corrosion.
 r - the ring of Tender Moments {rF++ Will+ Dex+3 Slay+5}
   (You found it in a treasure trove)

   [ring of willpower]

   Dex:       It affects your dexterity (+3).
   Slay:      It affects your accuracy & damage with ranged weapons and melee
   (+5).
   rF:        It greatly protects you from fire.
   Will:      It increases your willpower.
 u - the macabre finger necklace {Finger+ rN+}
   (You found it in a treasure trove)

   [amulet of nothing]

   Finger+:   It enables you to equip an extra ring.
   rN:        It protects you from negative energy.
 E - the cursed ring of the Mantic Cosmos (left hand) {Int+6, Self, Evo}
   (You found it on level 9 of the Dungeon)

   [ring of intelligence]

   Int:       It affects your intelligence (+6).
   It has a curse which improves the following skills: Introspection: Fighting
   and Spellcasting.
   Evocations: Evocations.
 I - the cursed amulet of Desmomancy (around neck) {RegenMP rElec, Self, Evo}
   (You found it on level 4 of the Lair of Beasts)

   [amulet of magic regeneration]

   It increases your rate of magic regeneration.
   rElec:     It insulates you from electricity.
   It has a curse which improves the following skills: Introspection: Fighting
   and Spellcasting.
   Evocations: Evocations.
Wands
 i - a wand of digging (27)
 v - a wand of flame (120)
 A - a wand of light (24)
 G - a wand of charming (30)
 R - a wand of roots (46)
Scrolls
 c - 2 scrolls of fear
 d - 4 scrolls of torment
 g - 12 scrolls of vulnerability
 j - 12 scrolls of immolation
 n - 4 scrolls of summoning
 s - 21 scrolls of teleportation
 y - 7 scrolls of enchant armour
 B - 9 scrolls of blinking
 C - 6 scrolls of fog
 F - 4 scrolls of magic mapping
 O - 4 scrolls of poison
 Y - 3 scrolls of silence
Potions
 h - 8 potions of flight
 l - 17 potions of curing
 p - 10 potions of invisibility
 q - 7 potions of cancellation
 w - 8 potions of ambrosia
 D - 10 potions of attraction
 H - 2 potions of berserk rage
 K - 7 potions of haste
 L - 11 potions of heal wounds
 Q - 11 potions of lignification
 T - 12 potions of might
 U - 3 potions of brilliance
 V - 12 potions of mutation
 W - 2 potions of magic
 X - 5 potions of resistance
Miscellaneous
 a - a tin of tremorstones (2/2)
 m - a phial of floods
 o - a piece from Xom's chessboard (15/15)
 M - a phantom mirror
 P - a box of beasts
 Z - a condenser vane


   Skills:
 - Level 19.1(25.0) Fighting
 - Level 3.4(6.8) Long Blades
 - Level 5.3(9.1) Maces & Flails
 + Level 17.1(19.5) Dodging
 - Level 6.3(9.0) Stealth
 - Level 14.0 Shields
 - Level 18.0(24.0) Spellcasting
 - Level 9.2(11.8) Conjurations
 - Level 7.3(10.0) Hexes
 - Level 21.5(27) Summonings
 - Level 11.8(18.0) Necromancy
 - Level 4.0(6.4) Translocations
 - Level 6.3(9.0) Transmutations
 - Level 16.2(20.0) Fire Magic
 - Level 10.1(14.0) Ice Magic
 - Level 0.8(2.7) Air Magic
 - Level 6.6(9.3) Poison Magic
 - Level 14.9(20.0) Evocations


You had 4 spell levels left.
You knew the following spells:

 Your Spells              Type           Power      Damage    Failure   Level
a - Dragon's Call         Summ           63%        N/A       1%          9
b - Spellforged Servitor  Conj/Summ      56%        N/A       1%          7
c - Death Channel         Necr           54%        N/A       1%          6
d - Ozocubu's Armour      Ice            99%        N/A       0%          3
e - Swiftness             Air            59%        N/A       1%          3
f - Summon Hydra          Summ           63%        N/A       0%          7
g - Kiss of Death         Conj/Necr      100%       2d13      0%          1
h - Summon Mana Viper     Hex/Summ       100%       N/A       0%          5
i - Haunt                 Necr/Summ      59%        N/A       1%          7
j - Irradiate             Conj/Tmut      44%        3d26      1%          5
k - Ignition              Fire           56%        3d15      1%          8
l - Blink                 Tloc           100%       N/A       1%          2
m - Iron Shot             Conj/Erth      37%        9d7       7%          6

Your spell library contained the following spells:

 Spells                   Type           Power      Damage    Failure   Level
 Beastly Appendage        Tmut           100%       N/A       0%          1
 Foxfire                  Conj/Fire      100%       2x1d9     0%          1
 Magic Dart               Conj           100%       1d8       0%          1
 Slow                     Hex            100%       N/A       0%          1
 Call Imp                 Summ           100%       N/A       0%          2
 Cigotuvi's Dreadful Rot  Necr/Pois/Air  100%       N/A       0%          2
 Scorch                   Fire           100%       2d10      0%          2
 Searing Ray              Conj           100%       2d8       0%          2
 Sublimation of Blood     Necr           100%       N/A       0%          2
 Call Canine Familiar     Summ           100%       N/A       0%          3
 Hailstorm                Conj/Ice       96%        3d19      0%          3
 Inner Flame              Hex/Fire       100%       N/A       0%          3
 Summon Guardian Golem    Hex/Summ       100%       N/A       0%          3
 Vampiric Draining        Necr           100%       2d13      0%          3
 Animate Dead             Necr           100%       N/A       0%          4
 Dispel Undead            Necr           100%       3d31      0%          4
 Flame Wave               Conj/Fire      100%       2d21      0%          4
 Summon Ice Beast         Ice/Summ       100%       N/A       0%          4
 Summon Lightning Spire   Summ/Air       100%       N/A       0%          4
 Apportation              Tloc           100%       N/A       1%          1
 Shock                    Conj/Air       100%       1d9       1%          1
 Lesser Beckoning         Tloc           100%       N/A       1%          2
 Momentum Strike          Conj/Tloc      100%       3d10      1%          2
 Poisonous Vapours        Pois/Air       100%       N/A       1%          2
 Static Discharge         Conj/Air       100%       2-7/arc   1%          2
 Wereblood                Tmut           84%        N/A       1%          2
 Confusing Touch          Hex            87%        N/A       1%          3
 Dazzling Flash           Conj/Hex       100%       N/A       1%          3
 Gell's Gravitas          Tloc           75%        N/A       1%          3
 Mephitic Cloud           Conj/Pois/Air  80%        N/A       1%          3
 Portal Projectile        Hex/Tloc       100%       N/A       1%          3
 Spider Form              Tmut/Pois      84%        N/A       1%          3
 Stone Arrow              Conj/Erth      100%       3d13      1%          3
 Teleport Other           Tloc           75%        N/A       1%          3
 Tukima's Dance           Hex            87%        N/A       1%          3
 Airstrike                Air            29%        2d(5-21)  1%          4
 Cause Fear               Hex            43%        N/A       1%          4
 Fulminant Prism          Conj/Hex       45%        3d21      1%          4
 Leda's Liquefaction      Hex/Erth       35%        N/A       1%          4
 Manifold Assault         Tloc           75%        N/A       1%          4
 Olgreb's Toxic Radiance  Pois           85%        N/A       1%          4
 Petrify                  Tmut/Erth      68%        N/A       1%          4
 Summon Cactus Giant      Summ           63%        N/A       0%          6
 Monstrous Menagerie      Summ           63%        N/A       0%          7
 Freezing Cloud           Conj/Ice/Air   43%        6-21      1%          5
 Iskenderun's Battlesphe  Conj           93%        2d14      1%          5
 Lightning Bolt           Conj/Air       39%        1d57      1%          5
 Metabolic Englaciation   Hex/Ice        46%        N/A       1%          5
 Yara's Violent Unravell  Hex/Tmut       43%        3d17      1%          5
 Simulacrum               Ice/Necr       52%        N/A       1%          6
 Malign Gateway           Summ/Tloc      53%        N/A       1%          7
 Ozocubu's Refrigeration  Ice            49%        4d18      1%          7
 Summon Horrible Things   Summ           63%        N/A       1%          8
 Infestation              Necr           54%        N/A       2%          8
 Orb of Destruction       Conj           46%        9d12      3%          7
 Dispersal                Tloc           37%        N/A       6%          6
 Enfeeble                 Hex            43%        N/A       9%          7
 Dragon Form              Tmut           42%        N/A       12%         7
 Lee's Rapid Deconstruct  Erth           24%        3d13*     13%         5
 Statue Form              Tmut/Erth      45%        N/A       13%         6
 Storm Form               Tmut/Air       36%        N/A       41%         7
 Polar Vortex             Ice            49%        N/A       88%         9
 Lehudib's Crystal Spear  Conj/Erth      37%        10d9      97%         8
 Maxwell's Capacitive Co  Air            29%        ∞         100%        8
 Animate Armour           Summ/Erth      Unusable   N/A       N/A         4

Dungeon Overview and Level Annotations

Branches:
Dungeon (15/15)            Temple (1/1) D:4            Lair (5/5) D:9
 Shoals (4/4) Lair:2       Spider (4/4) Lair:2        Slime (0/5) Lair:4
    Orc (2/2) D:11            Elf (3/3) Orc:2        Vaults (5/5) D:14
  Crypt (0/3) Vaults:3     Depths (4/4) D:15            Zot (5/5) Depths:4
Ossuary (visited)          Bailey (visited)           IceCv (visited)
Gauntlet (visited)

Altars:
Ashenzari
Cheibriados
Dithmenos
Elyvilon
Fedhas
Gozag
Hepliaklqana
Kikubaaqudgha
Makhleb
Nemelex Xobeh
Okawaru
Qazlal
Ru
Sif Muna
Trog
Uskayaw
Vehumet
Wu Jian
Xom
Yredelemnul
Zin
The Shining One
Lugonu

Shops:
D:1 *   D:5 *?**   D:10 *   D:14 =   Orc:1 =   Orc:2 (**(:::(   Elf:1 *
Shoals:3 [   Shoals:4 ((?[   Vaults:2 =   Vaults:3 =   Depths:1 (

Portals:
Hell: Depths:1 Depths:2 Depths:3 Depths:4
Abyss: Depths:1 Depths:3 Depths:4
Pandemonium: Depths:2
Ziggurat: Depths:3

Annotations:
D:1 1 transporter
D:2 1 runed translucent door, exclusion: downstairs, Crazy Yiuf
D:3 1 runed translucent door, exclusion: downstairs, bande's ghost, amateur GrFi
D:5 exclusion: 2 upstairs
D:13 exclusions: downstairs and upstairs
Shoals:3 exclusion: downstairs
Spider:1 3 runed translucent doors, Gelos's ghost, journeyman TrGl
Spider:3 exclusion: downstairs
Elf:2 4 runed translucent doors
Zot:1 2 transporters, Vaid's ghost, master GnFi
Zot:2 4 transporters, exclusion: downstairs


Innate Abilities, Weirdness & Mutations

You can breathe blasts of scalding, opaque steam.
Your pale cyan-grey scales are hard. (AC +12)
You cannot fit into any form of body armour.
You are cold-blooded and may be slowed by cold attacks.
You are immune to the effects of steam.


Message History

There is a stone staircase leading down here.
(D) Dungeon (T) Temple (L) Lair (A) Shoals (N) Spider Nest (M) Slime Pits (O) Orcish Mines (E) Elven Halls (V) Vaults (C) Crypt (U) Depths (H) Hell (Z) Zot
Where to? (Enter - D:1 @ (x,y), ? - help)
You sense a monster nearby.
A Tzitzimitl comes into view.
A dragon arrives to answer your call!
Your quicksilver dragon breathes dispelling energy at the Tzitzimitl.
The bolt of dispelling energy hits the Tzitzimitl!!
Your iron dragon breathes metal splinters at the Tzitzimitl.
The spray of metal splinters misses the Tzitzimitl.
A dragon arrives to answer your call!
Your quicksilver dragon barely misses the Tzitzimitl.
Your quicksilver dragon claws the Tzitzimitl.
Your quicksilver dragon bites the Tzitzimitl but does no damage.
Your quicksilver dragon claws the Tzitzimitl.
A dragon arrives to answer your call!
Your quicksilver dragon completely misses the Tzitzimitl.
Your quicksilver dragon claws the Tzitzimitl!
Your quicksilver dragon breathes dispelling energy at the Tzitzimitl.
The bolt of dispelling energy hits the Tzitzimitl!!
The Tzitzimitl closely misses your quicksilver dragon.
The Tzitzimitl misses your quicksilver dragon.
Your quicksilver dragon bites the Tzitzimitl but does no damage.
Your quicksilver dragon claws the Tzitzimitl.
Your quicksilver dragon bites the Tzitzimitl!
Your quicksilver dragon claws the Tzitzimitl.
Your quicksilver dragon bites the Tzitzimitl.
Your quicksilver dragon claws the Tzitzimitl.
The Tzitzimitl calls on the powers of darkness!
Your quicksilver dragon convulses! x3
Your body is wracked with pain!
Your quicksilver dragon bites the Tzitzimitl!
Your quicksilver dragon claws the Tzitzimitl but does no damage.
Your quicksilver dragon bites the Tzitzimitl but does no damage.
Your quicksilver dragon claws the Tzitzimitl.
The Tzitzimitl dies!
Your life force feels restored.
The roar of the dragon horde subsides.
There is a staircase leading out of the dungeon here.
You have escaped!

#####..####...D.# ######......# #
# #..# #....{###...##....).# # #
#..####...D.D#..#.##......# # #
#....##.........#.##......### #
###.#..........................
###.......######{{.##....#......#
....#.##.....#.#.#######.....##..
####.........##D#.####...........
# #.........###@#...).##.##.....
# #........©##©#.#######.####.#.
# #.....#########..## #.##...## #
#......#########..# #†##.####
#.........##......# #)##.####
#.........##......# #........
#.........##......# #..#.####
####..........#......# ##....#
#.....###....#####...###....## ##


You could see a friendly quicksilver dragon (summoned).

Vanquished Creatures
  A dread lich (Vaults:5)
  Boris (Vaults:5)
  A Tzitzimitl (Depths:2)
  3 titans (Vaults:5)
  4 shadow dragons (Vaults:5)
  2 ghost moths
  A frost giant (Vaults:5)
  3 vault wardens
  A curse skull (Vaults:3)
  A draconian stormcaller (Zot:3)
  3 ironbound preservers
  A stone giant (Vaults:5)
  A minotaur (Gauntlet)
  A red draconian (Zot:5)
  2 merfolk javelineers
  3 ettins (Vaults:5)
  22 vault guards (Vaults:5)
  3 yaktaur captains (Vaults:5)
  2 entropy weavers
  Fannar (Orc:1)
  A merfolk avatar (Lair:5)
  A catoblepas (D:14)
  A death yak (Lair:3)
  A boulder beetle (D:12)
  A deep troll earth mage (Vaults:5)
  A tengu warrior (D:12)
  A deep troll shaman (Depths:1)
  3 orc high priests
  A skyshark (Lair:2)
  Sonja (Lair:3)
  A deep elf knight (Elf:1)
  Lodul (D:11)
  A deep troll (Vaults:3)
  2 sea snakes (Lair:5)
  2 steelbarb worms
  A deep elf archer (Elf:1)
  2 orb spiders (Spider:1)
  2 phantasmal warriors (Vaults:5)
  A wizard (Gauntlet)
  3 wolf spiders
  2 ironbound convokers (Vaults:5)
  3 orc sorcerers (Orc:2)
  2 harpies (Shoals:2)
  2 ugly things (IceCv)
  A deep elf pyromancer (Bailey)
  5 orc knights
  A manticore (D:11)
  A faun (Shoals:3)
  A moth of wrath (Spider:2)
  An elephant (Lair:5)
  3 black mambas
  A guardian serpent (shapeshifter) (Vaults:5)
  A vault sentinel (Vaults:5)
  A water nymph (Lair:2)
  2 demonic crawlers
  A torpor snail (Lair:2)
  8 cane toads
  3 ice statues (IceCv)
  A smoke demon (Gauntlet)
  2 rime drakes
  An unseen horror (D:11)
  A kobold demonologist (D:9)
  3 komodo dragons
  A tengu conjurer (Depths:3)
  2 ice devils (D:11)
  2 yaktaurs (Vaults:5)
  An anaconda simulacrum (IceCv)
  A red devil (Gauntlet)
  6 meliai
  2 trolls
  3 merfolk
  A polar bear (Lair:5)
  18 blink frogs
  Prince Ribbit (D:5)
  Grinder (D:4)
  6 tarantellas
  A blink frog (shapeshifter) (D:14)
  8 jumping spiders
  3 slime creatures
  7 culicivoras
  39 yaks
  A shadow (D:11)
  A dire elephant simulacrum (IceCv)
  2 wraiths
  A spriggan (shapeshifter) (D:13)
  2 nameless horrors
  3 wyverns
  2 vampires
  3 steam dragons
  15 redbacks
  3 fire bats (Gauntlet)
  3 vampire mosquitoes
  Edmund (D:4)
  A death yak simulacrum (IceCv)
  A swamp worm (Lair:5)
  9 water moccasins
  A hydra simulacrum (IceCv)
  A swamp drake (D:11)
  26 orc warriors
  An ice beast (D:7)
  3 black bears
  14 ogres
  3 wolves (Lair:2)
  6 centaurs
  3 lemures
  11 bullfrogs
  6 kobold brigands
  A gnoll sergeant (D:9)
  3 cane toad simulacra (IceCv)
  A necrophage (D:4)
  5 scorpions
  4 water moccasin zombies (Ossuary)
  6 wights
  4 killer bees
  7 howler monkeys
  3 crimson imps (Gauntlet)
  A centaur zombie (D:4)
  A human zombie (D:4)
  14 orc priests
  3 hounds
  3 iguanas
  3 jellies
  2 sleepcaps
  A gnoll bouda (D:7)
  20 orc wizards
  A polar bear simulacrum (IceCv)
  3 scorpion zombies (D:4)
  A hound zombie (D:4)
  5 mummies
  Robin (D:4)
  3 gnolls (D:9)
  8 adders
  2 shadow imps
  3 white imps
  14 adder zombies
  4 worms
  A dart slug (D:5)
  75 orcs
  9 endoplasms
  7 giant cockroaches
  19 goblins
  19 hobgoblins
  4 jackals
  21 kobolds
  7 quokkas
  8 ball pythons
  4 bats
  2 frilled lizards
  4 gnoll zombies (Ossuary)
  2 hobgoblin zombies (Ossuary)
  5 kobold zombies (Ossuary)
  3 orc zombies (Ossuary)
  10 rats
  A spectral hobgoblin (D:7)
686 creatures vanquished.

Vanquished Creatures (collateral kills)
  2 dread liches (Zot:5)
  3 ancient liches
  7 orbs of fire (Zot:5)
  Mennas (Depths:4)
  A juggernaut (Depths:2)
  Boris (Vaults:4)
  Sojobo (Vaults:3)
  4 Killer Klowns
  Margery (Vaults:2)
  Frederick (Depths:4)
  2 curse toes
  Saint Roka (Elf:3)
  7 golden dragons
  Jory (Vaults:4)
  Arachne (Spider:4)
  2 Tzitzimimeh
  3 hellephants (Depths:1)
  2 electric golems (Zot:5)
  14 tentacled monstrosities
  A walking earthen tome (Depths:3)
  Rupert (Depths:1)
  A walking crystal tome (Depths:2)
  29 Orb Guardians
  The ghost of Rinoumap the Peltast, an adept TrCK of Ru (Vaults:3)
  6 liches
  2 deep elf blademasters (Elf:3)
  5 quicksilver dragons
  A titan (Vaults:5)
  Asterion (Depths:1)
  2 deep elf master archers (Elf:3)
  Polyphemus (Shoals:4)
  The ghost of Konionua the Bewitcher, an adept KoEn of Dithmenos (Vaults:3)
  The ghost of Naox the Unseen, an adept KoAr of Uskayaw (Vaults:3)
  An ancient champion (Depths:1)
  3 sphinxes
  Kirke (Lair:2)
  10 tengu reavers
  5 death cobs
  12 shadow dragons
  Ilsuiw (Shoals:2)
  Donald (Shoals:4)
  5 draconian monks
  Roxanne (Spider:2)
  8 fire giants
  12 storm dragons
  2 iron dragons
  3 draconian knights
  3 deep elf sorcerers
  15 vault wardens
  15 frost giants
  3 emperor scorpions
  A balrug (Zot:2)
  3 draconian shifters
  3 ghost moths
  5 draconian scorchers
  3 draconian stormcallers
  2 spriggan defenders (Depths:2)
  Aizul (Vaults:2)
  5 deep elf elementalists (Elf:3)
  3 caustic shrike skeletons (Depths:3)
  2 broodmothers (Spider:3)
  2 orc warlords
  8 green draconians
  5 war gargoyles
  27 ironbound preservers
  7 ironbound thunderhulks
  8 draconian annihilators
  A juggernaut skeleton (Depths:3)
  13 stone giants
  24 very ugly things
  2 vampire knights
  13 dire elephants
  3 deep elf demonologists
  12 white draconians
  11 yellow draconians
  Azrael (D:15)
  A yellow draconian (shapeshifter) (Zot:2)
  10 black draconians
  9 deep elf annihilators
  A white draconian (shapeshifter) (Zot:2)
  4 red draconians
  A purple draconian (shapeshifter) (Zot:2)
  13 purple draconians
  A crystal guardian (Zot:2)
  2 spark wasps
  8 deep elf death magi
  2 merfolk javelineers
  5 jiangshi (Depths:3)
  7 ettins
  10 merfolk impalers
  4 fire dragons
  7 great orbs of eyes
  An ice dragon (shapeshifter) (Vaults:5)
  4 entropy weavers
  4 rakshasas
  9 yaktaur captains
  4 deep elf high priests
  3 nameless horrors
  18 vault guards
  A quicksilver dragon skeleton (Depths:3)
  2 jorogumos
  11 ice dragons
  Erolcha (Orc:2)
  A hell beast (D:5)
  5 hydras
  A peacekeeper (Vaults:2)
  A spriggan air mage (Depths:2)
  13 ironbound frosthearts
  An anaconda (shapeshifter) (Depths:4)
  3 radroaches
  2 catoblepae
  4 deep troll shamans
  6 merfolk aquamancers
  A two-headed ogre (shapeshifter) (Vaults:5)
  3 death knights (D:14)
  15 dancing weapons
  6 merfolk avatars
  An alligator snapping turtle (Shoals:4)
  A radroach (shapeshifter) (Vaults:5)
  8 boulder beetles
  13 centaur warriors
  2 two-headed ogres
  2 satyrs
  A boulder beetle (shapeshifter) (Zot:2)
  7 death yaks
  9 hell hogs (Depths:1)
  A titan zombie (Depths:3)
  3 deep troll earth magi
  3 vampire magi
  7 tengu warriors
  An orc high priest (Orc:2)
  A sun demon (Depths:2)
  A spriggan berserker (Depths:2)
  9 deep elf knights
  2 spriggans (Depths:2)
  25 hell knights
  5 skysharks
  3 storm dragon zombies (Depths:3)
  6 iron trolls
  A titan skeleton (Depths:3)
  2 skeletal warriors
  A skyshark (shapeshifter) (D:14)
  8 pharaoh ants
  A sea snake (shapeshifter) (D:12)
  2 sun moths (Spider:4)
  5 flayed ghosts
  98 deep trolls
  7 wizards
  An orange crystal statue (Zot:5)
  8 orc knights
  13 deep elf archers
  A golden dragon skeleton (Vaults:4)
  3 tengu zombies
  5 orb spiders
  9 steelbarb worms
  9 sea snakes
  Pikel (D:4)
  26 deep elf zephyrmancers
  5 necromancers
  8 wolf spiders
  7 lindwurms
  15 deep elf pyromancers
  6 harpies (Shoals:2)
  14 ironbound convokers
  A sphinx zombie (Vaults:4)
  3 phantasmal warriors
  5 orc sorcerers
  7 cyclopes
  13 fauns
  46 ugly things
  A sphinx skeleton (Depths:3)
  9 manticores
  3 frost giant zombies (Depths:3)
  15 merfolk sirens
  34 moths of wrath
  An elephant (Lair:5)
  2 black mambas
  19 vault sentinels
  2 cane toads
  A guardian serpent (Zot:2)
  13 demonic crawlers
  4 torpor snails
  A kobold demonologist (D:12)
  4 water nymphs
  2 komodo dragons (shapeshifter)
  A yaktaur zombie (Vaults:1)
  2 gargoyles
  2 komodo dragons (Lair:5)
  36 yaktaurs
  4 freezing wraiths
  4 harpy zombies (Zot:2)
  3 tengu conjurers
  3 meliai
  2 trolls
  6 tarantellas
  A meliai (shapeshifter) (D:13)
  18 merfolk
  4 polar bears (Lair:5)
  10 wind drakes
  4 raiju (Zot:2)
  4 hornets
  10 dream sheep
  12 jumping spiders
  10 snapping turtles
  28 slime creatures
  2 spriggans (shapeshifter) (Vaults:5)
  5 flying skulls
  2 ettin skeletons (Vaults:1)
  9 culicivoras
  7 air elementals
  2 wyverns (Lair:5)
  A vampire (D:14)
  22 water elementals
  A centaur simulacrum (D:13)
  5 wraiths
  14 yaks
  5 hogs (Shoals:1)
  2 basilisks
  A redback (shapeshifter) (Vaults:5)
  A steam dragon (Lair:5)
  9 fire elementals
  17 redbacks
  6 vampire mosquitoes (D:12)
  A glowing shapeshifter zombie (Depths:3)
  2 wargs
  A swamp worm (Lair:5)
  An acid dragon (D:12)
  A floating eye (Depths:2)
  2 hell hounds (D:15)
  A glowing shapeshifter skeleton (Depths:3)
  11 orc warriors
  A human zombie (Vaults:4)
  A sky beast (shapeshifter) (Elf:2)
  17 ice beasts (D:14)
  A centaur (D:12)
  6 wolves (Lair:5)
  A boggart (Zot:2)
  A human skeleton (Vaults:1)
  4 earth elementals
  7 electric eels (D:14)
  9 orc priests
  6 orc wizards
  15 orcs
  A butterfly (Zot:2)
  2 plants (Shoals:4)
1499 creatures vanquished.

Vanquished Creatures (others)
  A ghost moth (Zot:2)
  A green draconian (Zot:3)
  A black draconian (Zot:2)
  An ice statue (D:14)
  A floating eye (Depths:3)
  2 demonic plants (Gauntlet)
  51 fungi
  210 plants
268 creatures vanquished.

Grand Total: 2453 creatures vanquished

Notes
Turn   | Place    | Note
-------+----------+-------------------------------------------
     0 | D:1      | ragingrage the Draconian Reaver began the quest for the
                  | Orb.
     0 | D:1      | Reached XP level 1. HP: 17/17 MP: 3/3
    95 | D:1      | Reached XP level 2. HP: 21/24 MP: 5/5
   118 | D:1      | Reached skill level 1 in Maces & Flails
   158 | D:1      | Learned a level 2 spell: Momentum Strike
   397 | D:1      | Found Kefeosch's Assorted Antiques.
   919 | D:2      | Reached XP level 3. HP: 29/29 MP: 6/6
  1196 | D:2      | Learned a level 3 spell: Hailstorm
  1440 | D:2      | Reached skill level 1 in Translocations
  1686 | D:2      | Reached skill level 1 in Necromancy
  1952 | D:2      | Found a runed translucent door.
  1953 | D:2      | Noticed Crazy Yiuf
  2133 | D:3      | Found a runed translucent door.
  2133 | D:3      | Noticed bande's ghost (amateur GrFi)
  2227 | D:3      | Reached skill level 1 in Shields
  2227 | D:3      | Reached XP level 4. HP: 35/36 MP: 4/7
  2366 | D:3      | Reached skill level 1 in Stealth
  2639 | D:3      | Reached XP level 5. HP: 37/41 MP: 3/8
  2821 | D:3      | Found a faded altar of an unknown god.
  3030 | D:3      | Learned a level 2 spell: Blink
  3195 | D:3      | Found a glowing golden altar of the Shining One.
  3224 | D:3      | Found an ancient bone altar of Kikubaaqudgha.
  3533 | D:4      | Found a staircase to the Ecumenical Temple.
  3553 | D:4      | Reached skill level 1 in Ice Magic
  3569 | D:4      | Reached XP level 6. HP: 41/48 MP: 2/9
  3576 | Temple   | Entered the Ecumenical Temple
  3670 | Temple   | Became a worshipper of Ru the Awakened
  3692 | D:4      | Noticed Grinder
  3851 | D:5      | Entered Level 5 of the Dungeon
  3873 | D:5      | Found a sand-covered staircase.
  3878 | D:5      | Found Eqishrepu's Magic Scroll Shoppe.
  3895 | D:5      | Bought a scroll of teleportation for 33 gold pieces
  3895 | D:5      | Bought a scroll of fog for 44 gold pieces
  3904 | Ossuary  | Entered an ossuary
  4061 | Ossuary  | Your scales start taking on a pale cyan-grey colour.
  4061 | Ossuary  | Reached XP level 7. HP: 39/55 MP: 7/10
  4061 | Ossuary  | Gained mutation: You are immune to the effects of steam.
                  | [Pale Draconian growth]
  4230 | D:5      | Found Gutau's General Store.
  4253 | D:5      | Found a hide-covered altar of Uskayaw.
  4428 | D:4      | Noticed Pikel
  4430 | D:4      | Noticed Robin
  4553 | D:5      | Noticed Prince Ribbit
  4558 | D:5      | Killed Prince Ribbit
  4559 | D:5      | Reached skill level 5 in Conjurations
  4559 | D:5      | Reached XP level 8. HP: 40/61 MP: 2/11
  4708 | D:5      | Reached skill level 5 in Maces & Flails
  4774 | D:5      | Found Niny's Assorted Antiques.
  5038 | D:5      | Learned a level 4 spell: Flame Wave
  5138 | D:6      | Reached skill level 1 in Fire Magic
  5214 | D:5      | Bought a glowing morningstar for 196 gold pieces
  5228 | D:5      | Found a radiant altar of Vehumet.
  5335 | D:5      | Found Papawk Ilaa's Assorted Antiques.
  5343 | D:5      | Found a blossoming altar of Fedhas.
  5532 | D:5      | Bought a forked copper wand for 64 gold pieces
  6029 | D:6      | Reached XP level 9. HP: 67/67 MP: 15/15
  6157 | D:6      | Reached skill level 5 in Fire Magic
  6536 | D:4      | Noticed Edmund
  6606 | D:4      | Paralysed by Grinder for 4 turns
  6612 | D:4      | Killed Grinder
  6613 | D:4      | Reached skill level 5 in Ice Magic
  6623 | D:4      | Learned a level 3 spell: Ozocubu's Armour
  6675 | D:4      | Killed Robin
  6717 | D:4      | Killed Edmund
  6903 | D:4      | Identified the +1 pair of gloves "Duvvepn" {rPois Int+3
                  | Dex+3}
  7185 | D:4      | Found a basalt altar of Yredelemnul.
  7359 | D:4      | Found a broken altar of Ashenzari.
  7362 | D:4      | Fell from the grace of Ru
  7362 | D:4      | Became a worshipper of Ashenzari the Shackled
  7373 | D:4      | Found an opulent altar of Gozag.
  7391 | D:4      | Killed Pikel
  7802 | D:7      | Reached skill level 1 in Evocations
  7866 | D:7      | Found a hazy altar of Hepliaklqana.
  7970 | D:7      | Identified the +2 ring mail of Kiocremm {Contam rElec
                  | Regen+ Stlth+}
  8063 | D:7      | Found a snail-covered altar of Cheibriados.
  8065 | D:7      | Found an ornate altar of the Wu Jian Council.
  8123 | D:7      | Reached XP level 10. HP: 78/78 MP: 11/16
  9196 | D:8      | Reached skill level 5 in Spellcasting
  9940 | D:8      | Identified a scroll of acquirement
 10037 | D:8      | Reached * piety under Ashenzari
 10041 | D:8      | Acquired the +0 buckler "Peov" {Int+3}
 10644 | D:9      | Reached ** piety under Ashenzari
 10705 | D:9      | Reached skill level 5 in Fighting
 11262 | D:9      | Reached XP level 11. HP: 91/92 MP: 16/18
 11320 | D:9      | Reached *** piety under Ashenzari
 11566 | D:9      | Found a staircase to the Lair.
 11791 | D:10     | Entered Level 10 of the Dungeon
 11791 | D:10     | Identified the +1 spear "Lifaemuen" {flame, rF++ Str+2
                  | Stlth+}
 11792 | D:10     | Found a flagged portal.
 11873 | Bailey   | Entered a bailey
 12180 | Bailey   | Found a large runed translucent door.
 12180 | Bailey   | Found a large runed translucent door.
 12181 | Bailey   | Noticed an orc knight
 12181 | Bailey   | Noticed a deep elf pyromancer
 12481 | Bailey   | Killed an orc knight
 12555 | Bailey   | Killed a deep elf pyromancer
 12973 | D:10     | Found a stormy altar of Qazlal.
 13044 | D:10     | Found Sudihiala's General Store.
 13053 | D:10     | Bought a scroll of blinking for 112 gold pieces
 13099 | D:9      | Reached skill level 5 in Evocations
 13255 | D:5      | Bought an ichor-stained falchion for 128 gold pieces
 13255 | D:5      | Identified the +8 falchion of Ruxtafets {flame, rPois Will-
                  | rCorr Int+3} (You bought it in a shop on level 5 of the
                  | Dungeon)
 13442 | D:10     | Found a glowing silver altar of Zin.
 13544 | D:11     | Found a frozen archway.
 13591 | IceCv    | Entered an ice cave
 13874 | IceCv    | Noticed a white ugly thing
 13902 | IceCv    | Killed a white ugly thing
 14085 | IceCv    | Reached skill level 10 in Fighting
 14149 | IceCv    | Noticed a white ugly thing
 14156 | IceCv    | Killed a white ugly thing
 14157 | IceCv    | Reached skill level 10 in Fire Magic
 14732 | D:11     | Reached skill level 5 in Dodging
 14733 | D:11     | Noticed Lodul
 14770 | D:11     | Killed Lodul
 14771 | D:11     | Reached XP level 12. HP: 92/98 MP: 13/20
 15188 | D:11     | Found a staircase to the Orcish Mines.
 15673 | Lair:1   | Entered Level 1 of the Lair of Beasts
 15847 | Lair:1   | Learned a level 6 spell: Summon Cactus Giant
 15896 | Lair:1   | Reached skill level 1 in Summonings
 15985 | Lair:1   | Reached skill level 2 in Summonings
 16116 | Lair:1   | Identified the +7 chain mail of Sif Muna's Grace {rC+}
 16295 | Lair:1   | Reached skill level 3 in Summonings
 16838 | Lair:2   | Found a hole to the Spider Nest.
 16862 | Lair:2   | Reached skill level 4 in Summonings
 17164 | Lair:2   | Reached skill level 5 in Summonings
 17620 | Lair:2   | Reached skill level 6 in Summonings
 18672 | Lair:3   | Reached skill level 7 in Summonings
 18672 | Lair:3   | Reached XP level 13. HP: 115/122 MP: 14/25
 19294 | Lair:3   | Noticed Sonja
 19297 | Lair:3   | Killed Sonja
 19582 | Lair:3   | Reached **** piety under Ashenzari
 19593 | Lair:4   | Found a gate leading to a gauntlet.
 19607 | Gauntlet | Entered a Gauntlet
 19607 | Gauntlet | Identified the -1 helmet of the Snake Pit {rPois Dex+3}
 19607 | Gauntlet | Found a transporter.
 19607 | Gauntlet | Found a transporter.
 19608 | Gauntlet | Found a transporter.
 19608 | Gauntlet | Found a transporter.
 19611 | Gauntlet | Found a transporter.
 19619 | Gauntlet | Noticed a cacodemon
 19621 | Gauntlet | Found a transporter.
 19621 | Gauntlet | Identified the +1 pair of boots "Suwe Sai" {Rampage}
 19629 | Gauntlet | Found a transporter.
 19686 | Gauntlet | Found a transporter.
 19700 | Gauntlet | Found a transporter.
 19712 | Gauntlet | Found a transporter.
 19724 | Gauntlet | Found a transporter.
 19737 | Gauntlet | Found a transporter.
 20325 | Gauntlet | Reached skill level 8 in Summonings
 20603 | Gauntlet | Noticed a minotaur
 20644 | Gauntlet | Killed a minotaur
 20878 | Gauntlet | Identified the +2 cloak "Ciapue" {Str+3}
 20878 | Gauntlet | Identified the +4 ring mail of the Dice {+Blink}
 21049 | Lair:4   | Found a staircase to the Slime Pits.
 21067 | Lair:4   | Identified the amulet of Cob Qyssyr {RegenMP rElec}
 21392 | Lair:4   | Reached skill level 9 in Summonings
 21603 | Lair:5   | Entered Level 5 of the Lair of Beasts
 21693 | Lair:5   | Reached skill level 10 in Summonings
 21894 | Lair:5   | Reached skill level 11 in Summonings
 22511 | Lair:5   | Reached skill level 12 in Summonings
 22511 | Lair:5   | Reached XP level 14. HP: 133/133 MP: 27/29
 22637 | Lair:5   | Reached skill level 1 in Poison Magic
 23052 | Lair:5   | Identified the +5 rapier "Jioma" {spect, Contam rElec
                  | Dex+3}
 23407 | Orc:1    | Entered Level 1 of the Orcish Mines
 23422 | D:11     | Learned a level 4 spell: Olgreb's Toxic Radiance
 23980 | Orc:1    | Found Decogyhuo's Jewellery Shop.
 24028 | Orc:2    | Entered Level 2 of the Orcish Mines
 24038 | Orc:2    | Reached skill level 5 in Poison Magic
 24378 | Orc:2    | Found Xigyemir's Weapon Boutique.
 24477 | Orc:1    | Noticed Fannar
 24490 | Orc:1    | Killed Fannar
 24660 | Orc:2    | Found Utsoar's Assorted Antiques.
 24679 | Orc:2    | Bought an encrusted lead wand for 88 gold pieces
 24692 | Orc:2    | Found Benymn's Assorted Antiques.
 24837 | Orc:2    | Reached ***** piety under Ashenzari
 24838 | Orc:2    | Found Jimeobbe's Weapon Shop.
 24841 | Orc:2    | Noticed Erolcha
 24895 | Orc:2    | Killed Erolcha
 24969 | Orc:2    | Found a staircase to the Elven Halls.
 25337 | Orc:2    | Reached skill level 13 in Summonings
 25547 | Orc:2    | Paralysed by an orc sorcerer for 2 turns
 25562 | Orc:2    | Paralysed by an orc sorcerer for 2 turns
 25780 | Orc:2    | Found Xeap Wor's Book Boutique.
 25785 | Orc:2    | Found Gamig's Book Shoppe.
 25792 | Orc:2    | Found Zetsasei's Weapon Shoppe.
 25794 | Orc:2    | Found Taacux's Book Boutique.
 25847 | Orc:2    | Bought a book of Blood for 392 gold pieces
 25855 | Orc:2    | Learned a level 7 spell: Summon Hydra
 25867 | Orc:2    | Bought a book of Alchemy for 364 gold pieces
 25873 | Orc:2    | Learned a level 5 spell: Irradiate
 26058 | D:5      | Bought a book of the Dragon for 552 gold pieces
 26281 | D:12     | Reached skill level 1 in Transmutations
 27514 | D:12     | Reached skill level 14 in Summonings
 27518 | D:12     | Reached XP level 15. HP: 130/141 MP: 23/31
 28043 | D:13     | Found a portal to a secret trove of treasure.
 28246 | D:13     | Reached skill level 5 in Transmutations
 28934 | D:13     | Reached XP level 16. HP: 149/149 MP: 32/32
 28974 | D:14     | Found Imakkifi's Jewellery Shop.
 29156 | D:14     | Found a gate to the Vaults.
 29438 | D:14     | Reached skill level 5 in Necromancy
 29567 | D:14     | Reached skill level 15 in Summonings
 31360 | D:15     | Entered Level 15 of the Dungeon
 31801 | D:15     | Found a staircase to the Depths.
 32023 | D:15     | Found a burning altar of Makhleb.
 32404 | D:15     | Noticed Azrael
 32413 | D:15     | Killed Azrael
 32722 | Spider:1 | Entered Level 1 of the Spider Nest
 33480 | Spider:1 | Noticed Gelos's ghost (journeyman TrGl)
 33481 | Spider:1 | Found a runed translucent gate.
 33481 | Spider:1 | Found a runed translucent gate.
 33482 | Spider:1 | Found a runed translucent gate.
 33802 | Spider:1 | Reached skill level 16 in Summonings
 33839 | Spider:1 | Identified the +0 robe of Xaodoeno {rF+}
 34010 | Spider:1 | Reached XP level 17. HP: 124/156 MP: 18/33
 35247 | Spider:2 | Noticed Roxanne
 35372 | Spider:2 | Identified the +0 ring mail of Supple Strength {MP+9 Str+3}
 35808 | Spider:2 | Killed Roxanne
 36289 | Spider:3 | Identified the +6 shortbow of Slime {flame, rElec Str+4
                  | Dex+3}
 36719 | Spider:3 | Reached skill level 17 in Summonings
 37017 | Spider:4 | Entered Level 4 of the Spider Nest
 37186 | Spider:4 | Noticed Arachne
 37197 | Spider:4 | Killed Arachne
 37292 | Spider:4 | Identified the +8 mace of Pride {freeze, rElec rC+ Int-5
                  | SInv}
 38277 | Spider:4 | Got a gossamer rune of Zot
 38719 | Shoals:1 | Entered Level 1 of the Shoals
 38723 | Shoals:1 | Noticed Kirke
 38950 | Lair:1   | Identified the cursed +2 hat "Burden of Ashenzari" {Cun,
                  | Evo} (You found it on level 4 of the Dungeon)
 38950 | Lair:1   | Identified the cursed +0 pair of boots of Ashenzari's Sun
                  | {Evo, Melee} (You found it on level 8 of the Dungeon)
 38950 | Lair:1   | Identified the cursed ring of the Mantic Cosmos {Int+6,
                  | Self, Evo} (You found it on level 9 of the Dungeon)
 38956 | Lair:2   | Killed Kirke
 39333 | Shoals:1 | Reached skill level 18 in Summonings
 39679 | Shoals:1 | Reached skill level 10 in Dodging
 40010 | Shoals:1 | Reached XP level 18. HP: 163/163 MP: 23/34
 40786 | Shoals:2 | Noticed Ilsuiw
 40798 | Shoals:2 | Killed Ilsuiw
 41357 | Shoals:2 | Reached skill level 19 in Summonings
 41799 | Shoals:3 | Learned a level 9 spell: Dragon's Call
 41802 | Shoals:3 | Found Noheneox's Antique Armour Emporium.
 41966 | Shoals:3 | Bought a masterwork hat for 351 gold pieces
 41966 | Shoals:3 | Identified the +0 hat "Mynlo" {Str+3} (You bought it in a
                  | shop on level 3 of the Shoals)
 42381 | Shoals:4 | Entered Level 4 of the Shoals
 42381 | Shoals:4 | Found Sonocu's Magic Scroll Boutique.
 42699 | Shoals:4 | Found Rod Wua's Antique Weapon Emporium.
 42725 | Shoals:4 | Identified the +5 scale mail of Okighaq {Regen+ Stlth+}
 42751 | Shoals:4 | Bought a fine morningstar for 243 gold pieces
 42751 | Shoals:4 | Identified the +10 morningstar "Beetleslayer" {freeze,
                  | rPois MP+9 Str-3 Stlth+} (You bought it in a shop on level
                  | 4 of the Shoals)
 42758 | Shoals:4 | Bought a polished broad axe for 243 gold pieces
 42758 | Shoals:4 | Identified the +4 broad axe of Zegop {spect, rC++} (You
                  | bought it in a shop on level 4 of the Shoals)
 42775 | Shoals:4 | Noticed Polyphemus
 42799 | Shoals:4 | Killed Polyphemus
 43023 | Shoals:4 | Reached skill level 20 in Summonings
 43042 | Shoals:4 | Reached ****** piety under Ashenzari
 43298 | Shoals:4 | Bought a scroll of acquirement for 624 gold pieces
 43589 | D:13     | You paid a toll of 2 scrolls of acquirement to enter a
                  | treasure trove
 43590 | Trove    | Entered a treasure trove
 43592 | Trove    | Identified the ring "Isoponew" {rC+ rN+ AC+4 Dex-4}
 43592 | Trove    | Identified the amulet of Conflict {RegenMP rCorr Int+2
                  | Slay+6}
 43592 | Trove    | Identified the ring "Qulekhy" {Int+5 Slay+4}
 43593 | Trove    | Found the macabre finger necklace {Finger+ rN+}
 43594 | Trove    | Identified the ring of Dipreff {rN+ Str+3}
 43594 | Trove    | Identified the ring of Uwuviz {Str+6 Dex+3 Slay+3}
 43594 | Trove    | Identified the ring of Tender Moments {rF++ Will+ Dex+3
                  | Slay+5}
 43873 | Elf:1    | Entered Level 1 of the Elven Halls
 43879 | Elf:1    | Paralysed by an air elemental for 1 turns
 44059 | Elf:1    | Paralysed by an air elemental for 1 turns
 44721 | Elf:1    | Learned a level 5 spell: Summon Mana Viper
 45119 | Elf:1    | Identified the +6 glaive of the Slime-mould {pain, Str+2}
 45158 | Elf:1    | Found a runed translucent gate.
 45158 | Elf:1    | Found a runed translucent gate.
 45158 | Elf:1    | Found a runed translucent gate.
 45158 | Elf:1    | Found a runed translucent gate.
 45158 | Elf:1    | Found a runed translucent gate.
 45160 | Elf:1    | Found a runed translucent gate.
 45189 | Elf:1    | Reached XP level 19. HP: 113/164 MP: 4/36
 45667 | Elf:1    | Found Qiemih's CLEARANCE SALE!.
 45675 | Elf:1    | Bought a scroll of blinking for 7 gold pieces
 45756 | Elf:2    | Reached skill level 10 in Spellcasting
 45859 | Elf:2    | Reached skill level 21 in Summonings
 46119 | Elf:2    | Learned a level 3 spell: Swiftness
 46853 | Elf:2    | Identified the +8 mace of the Ring {venom, rElec rPois}
 47336 | Elf:2    | Found a large runed translucent door.
 47336 | Elf:2    | Found a large runed translucent door.
 47362 | Elf:2    | Found a large runed translucent door.
 47362 | Elf:2    | Found a large runed translucent door.
 47436 | Elf:3    | Entered Level 3 of the Elven Halls
 47831 | Elf:3    | Noticed Saint Roka
 47839 | Elf:3    | Killed Saint Roka
 48392 | Elf:3    | Identified the +7 great mace of Misery {pain, Int+3}
 48392 | Elf:3    | Identified the +1 leather armour of Fymurharph {rElec rN+
                  | Slay-4}
 48392 | Elf:3    | Identified the ring "Cyschaoc" {MP+9 Int+3}
 48476 | Elf:3    | Identified the +3 robe of Yzeuwopp {Rampage Drain +Blink
                  | rPois} (You took it off a deep elf knight on level 3 of the
                  | Elven Halls)
 48482 | Elf:3    | Identified the +3 sling "Qaacw" {speed, Will- Int+4}
 48610 | Elf:3    | Identified the Grimoire of the Valley and Direction
 48639 | Elf:3    | Identified the Grimoire of Liminal Ensorcelling
 48639 | Elf:3    | Found the +3 hat of Pondering {ponderous, Will+ MP+10
                  | Int+5}
 48645 | Elf:3    | Identified the +10 battleaxe of an ossuary {speed, Fragile
                  | rC+ rCorr} (You took it off a deep elf knight on level 3 of
                  | the Elven Halls)
 48663 | Elf:3    | Identified the Folio of Spicy Guile
 49090 | Depths:1 | Entered Level 1 of the Depths
 49090 | Depths:1 | Noticed Asterion
 49095 | Depths:1 | Killed Asterion
 49108 | Depths:1 | Noticed Rupert
 49117 | Depths:1 | Killed Rupert
 49473 | Depths:1 | Found Niulohia's Antique Weapon Emporium.
 49523 | Depths:1 | Bought a faintly glowing short sword for 312 gold pieces
 49523 | Depths:1 | Identified the +6 short sword of Traps {heavy, Dex+3} (You
                  | bought it in a shop on level 1 of the Depths)
 49549 | Depths:1 | Noticed a hellephant
 49554 | Depths:1 | Noticed a hellephant
 49557 | Depths:1 | Noticed a hellephant
 49559 | Depths:1 | Killed a hellephant
 49573 | Depths:1 | Killed a hellephant
 49574 | Depths:1 | Reached XP level 20. HP: 121/179 MP: 20/41
 49723 | Depths:1 | Found a gateway to Hell.
 49891 | Depths:1 | Found a one-way gate to the infinite horrors of the Abyss.
 50507 | Orc:2    | Bought a book of Death for 704 gold pieces
 50507 | Orc:2    | Bought a book of Decay for 480 gold pieces
 50514 | Orc:2    | Learned a level 6 spell: Death Channel
 50966 | Depths:2 | Identified the +2 pair of gloves "Qoollor" {Dex+5}
 51013 | Depths:2 | Found a one-way gate leading to the halls of Pandemonium.
 51450 | Depths:2 | Identified the +4 scale mail of Tealyal {-Cast rElec Str+3
                  | Slay+2}
 51860 | Depths:2 | Noticed a juggernaut
 51967 | Depths:2 | Paralysed by a floating eye for 3 turns
 51969 | Depths:2 | Killed a juggernaut
 52853 | Depths:2 | Learned a level 8 spell: Ignition
 53071 | Depths:3 | Reached XP level 21. HP: 96/191 MP: 9/43
 53845 | Depths:3 | Found a one-way gateway to a ziggurat.
 54605 | Depths:4 | Entered Level 4 of the Depths
 54610 | Depths:4 | Noticed Mennas
 54636 | Depths:4 | Killed Mennas
 54700 | Depths:4 | Found a corrupted altar of Lugonu.
 55047 | Depths:4 | Reached skill level 5 in Shields
 55434 | Depths:4 | Noticed Frederick
 55438 | Depths:4 | Killed Frederick
 55480 | Depths:4 | Found a shadowy altar of Dithmenos.
 55903 | Vaults:1 | Entered Level 1 of the Vaults
 56022 | Vaults:1 | Reached skill level 5 in Stealth
 56245 | Vaults:1 | Reached skill level 15 in Spellcasting
 56518 | Vaults:1 | Reached skill level 15 in Fighting
 57381 | Vaults:2 | Noticed Aizul
 57389 | Vaults:2 | Killed Aizul
 57642 | Vaults:2 | Reached XP level 22. HP: 209/209 MP: 45/45
 58167 | Vaults:2 | Reached skill level 15 in Fire Magic
 58622 | Vaults:2 | Noticed Margery
 58641 | Vaults:2 | Killed Margery
 58915 | Vaults:2 | Found Fesixa Oloaw's Jewellery Boutique.
 59425 | Vaults:3 | Found Voloukun's Jewellery Shoppe.
 59667 | Vaults:3 | Noticed Sojobo
 59674 | Vaults:3 | Killed Sojobo
 59730 | Vaults:3 | Identified the ring of Nyxiatev {rPois Str+4}
 59892 | Vaults:3 | Found a runed translucent gate.
 59892 | Vaults:3 | Found a runed translucent gate.
 60048 | Vaults:3 | Found a runed translucent gate.
 60048 | Vaults:3 | Noticed Naox's ghost (adept KoAr)
 60048 | Vaults:3 | Noticed Rinoumap's ghost (adept TrCK)
 60048 | Vaults:3 | Noticed Konionua's ghost (adept KoEn)
 60177 | Vaults:3 | Acquired 627 gold pieces
 60429 | Vaults:3 | Found a staircase to the Crypt.
 60693 | Vaults:3 | Killed Rinoumap's ghost
 60694 | Vaults:3 | Killed Konionua's ghost
 60701 | Vaults:3 | Killed Naox's ghost
 60992 | Vaults:4 | Reached XP level 23. HP: 222/222 MP: 48/49
 61172 | Vaults:4 | Noticed Jory
 61179 | Vaults:4 | Noticed Boris
 61186 | Vaults:4 | Killed Jory
 61187 | Vaults:4 | Reached skill level 15 in Dodging
 61190 | Vaults:4 | Killed Boris
 61617 | Vaults:4 | Reached skill level 10 in Evocations
 62551 | Vaults:5 | Entered Level 5 of the Vaults
 62562 | Vaults:5 | Noticed an ancient lich
 62563 | Vaults:5 | Noticed Boris
 62576 | Vaults:5 | Noticed an ancient lich
 62577 | Vaults:5 | Killed Boris
 62578 | Vaults:5 | Killed an ancient lich
 62580 | Vaults:5 | Noticed a dread lich
 62581 | Vaults:5 | Reached skill level 10 in Necromancy
 62587 | Vaults:5 | Killed an ancient lich
 62601 | Vaults:5 | Killed a dread lich
 62602 | Vaults:5 | Reached XP level 24. HP: 63/234 MP: 7/50
 64050 | Vaults:5 | Identified the +7 long sword "Couroz" {heavy, Fly Int+2}
 64491 | Vaults:5 | Identified the +1 troll leather armour of a ziggurat {rC+
                  | Regen+ rCorr Dex+3}
 64498 | Vaults:5 | Got a silver rune of Zot
 64572 | Vaults:5 | Identified the +8 scimitar "Daomifoe" {pain, rC+ Str+5
                  | Int+3}
 64737 | Vaults:5 | Identified the +10 plate armour of Boredom {Harm Str-3
                  | Int+5 Stlth+}
 64769 | Vaults:5 | Identified the +2 dagger of the Brain {elec, rElec Str-5
                  | Int+5 Stlth+}
 65276 | Depths:4 | Found a gate to the Realm of Zot.
 65300 | Depths:4 | Learned a level 7 spell: Spellforged Servitor
 65307 | Depths:4 | Learned a level 6 spell: Iron Shot
 65777 | Shoals:4 | Got a barnacled rune of Zot
 65792 | Shoals:4 | Found Loklonnayph's Weapon Shop.
 65892 | Shoals:4 | Noticed Donald
 65896 | Shoals:4 | Killed Donald
 66096 | Shoals:4 | Found Puaps's Armour Emporium.
 66145 | Shoals:4 | Identified the Discourse on Astrapomancy
 66176 | Shoals:4 | Reached skill level 1 in Hexes
 66768 | Zot:1    | Entered Level 1 of the Realm of Zot
 67054 | Zot:1    | Found a transporter.
 67154 | Zot:1    | Found a transporter.
 67155 | Zot:1    | Found a bloodstained altar of Trog.
 67155 | Zot:1    | Identified the +0 cloak "Qeumaz" {rCorr Dex+2 Stlth-}
 67155 | Zot:1    | Identified the +1 cloak "Weogyifi" {Rampage rF+ rC+}
 67155 | Zot:1    | Identified the ring of Leep {rElec SInv}
 67157 | Zot:1    | Noticed Vaid's ghost (master GnFi)
 67813 | Zot:2    | Found a transporter.
 67813 | Zot:2    | Found a transporter.
 67815 | Zot:2    | Found a transporter.
 68071 | Zot:2    | Reached skill level 5 in Hexes
 68517 | Zot:2    | Found a transporter.
 68837 | Zot:2    | Reached XP level 25. HP: 205/245 MP: 36/51
 69514 | Zot:2    | Reached skill level 10 in Ice Magic
 70443 | Zot:3    | Noticed a Killer Klown
 70453 | Zot:3    | Killed a Killer Klown
 71299 | Zot:4    | Reached skill level 10 in Shields
 72182 | Zot:5    | Entered Level 5 of the Realm of Zot
 72919 | Zot:5    | Identified the +4 hand axe of False Accusations {heavy,
                  | *Rage rElec rN+ Dex+2}
 73118 | Zot:5    | Noticed an orb of fire
 73129 | Zot:5    | Noticed a dread lich
 73133 | Zot:5    | Killed an orb of fire
 73135 | Zot:5    | Killed a dread lich
 73489 | Zot:5    | Noticed an orb of fire
 73502 | Zot:5    | Killed an orb of fire
 73505 | Zot:5    | Noticed an orb of fire
 73518 | Zot:5    | Killed an orb of fire
 73522 | Zot:5    | Noticed an orb of fire
 73524 | Zot:5    | Noticed a Killer Klown
 73888 | D:10     | Bought a scroll of amnesia for 60 gold pieces
 73897 | D:10     | Learned a level 7 spell: Haunt
 74277 | Zot:5    | Noticed an orb of fire
 74278 | Zot:5    | Noticed a Killer Klown
 74288 | Zot:5    | Killed a Killer Klown
 74301 | Zot:5    | Killed an orb of fire
 74543 | Zot:5    | Killed an orb of fire
 74544 | Zot:5    | Reached XP level 26. HP: 240/258 MP: 33/51
 74665 | Zot:5    | Noticed an ancient lich
 74667 | Zot:5    | Killed an ancient lich
 74704 | Zot:5    | Identified the +6 trident "Raisin" {flame, rElec rC+ Int+3}
 74940 | Zot:5    | Noticed a dread lich
 74943 | Zot:5    | Noticed an orb of fire
 74945 | Zot:5    | Noticed an orb of fire
 74953 | Zot:5    | Killed a dread lich
 74964 | Zot:5    | Killed an orb of fire
 74970 | Zot:5    | Killed an orb of fire
 75801 | Zot:5    | Got the Orb of Zot
 76413 | D:$      | Escaped with the Orb!

Illustrated notes

Levels and vault maps discovered:
D:1:      spicycebolla_arrival_risky_transporter, layout_rooms, serial_shops,
          nicolae_shop_advertising_works [nicolae_subvault_shop_adworks]
D:2:      layout_basic, uniq_crazy_yiuf_cottage
D:3:      minmay_recursive_quarters, layout_rooms,
          mainiacjoe_overflow_boulevard, lemuel_round_altar,
          gammafunk_ghost_grave, nicolae_ecumenical_snake_handling
D:4:      layout_cave_pools, lemuel_mausoleum_altar_yredelemnul,
          mainiacjoe_overflow_swirl, minmay_temple_entry_crystal_x, uniq_edmund,
          uniq_robin, uniq_pikel, uniq_grinder
D:5:      layout_gridville, nicolae_uskayaw_dance_hall, vehumet_altar_wand_db,
          mainiacjoe_overflow_six_doors_small, enter_ossuary_1, serial_shops,
          shop, nicolae_shop_behind_doors, nicolae_shop_crystal, shop,
          uniq_prince_ribbit1
D:6:      layout_cave_pools, minmay_holes, kennysheep_donut
D:7:      layout_basic, mainiacjoe_overflow_catch_the_wave,
          nicolae_hepliaklqana_monster_ancestors, minmay_quadrilaterals
D:8:      layout_loops_corners
D:9:      layout_stronghold, grunt_lair_entry_orc_guard_hut
D:10:     layout_rooms, nicolae_qazlal_general_emergency, lemuel_doored_altar,
          enter_bailey_2, serial_shops, shop
D:11:     layout_loops_ring, erik_orc_1, portal_ice_cave_demonic_guard,
          uniq_lodul
D:12:     minmay_the_grid_triangle_9x9_recursive_2
          [minmay_the_grid_triangle_9x9_prize_top_heavy,
          minmay_the_grid_triangle_9x9_flanged_cone,
          minmay_the_grid_triangle_9x9_alien,
          minmay_the_grid_triangle_9x9_empty], layout_irregular_city,
          lightli_fourway_metalbox
D:13:     layout_basic, enter_trove_6, nicolae_fountain_basement
D:14:     minmay_twisted_water, layout_loops_cross,
          lightli_vaults_fourway_checkpoint, serial_shops, shop,
          grunt_decor_resistance
D:15:     hangedman_depths_entry_civil_slaughter, layout_irregular_city,
          bloody_makhleb, uniq_azrael
Temple:   nicolae_temple_ecumenical_triangle
Lair:1:   layout_loops_ring, grunt_megastairs_1
Lair:2:   layout_cave_pods, nicolae_shoals_entry_flooding, dummy_spider_entry,
          grunt_megastairs_4
Lair:3:   layout_misc_corridors, serial_bayou_shore_a, grunt_megastairs_2,
          lemuel_fruit_tree, infiniplex_staircase_pool_2, uniq_sonja
Lair:4:   layout_misc_corridors, slime_entry_1, gauntlet_entry_generic
Lair:5:   gammafunk_lair_ancient_temple, layout_regular_city, worms_lemuel
Shoals:1: layout_shoals, uniq_kirke
Shoals:2: layout_shoals, uniq_ilsuiw
Shoals:3: layout_shoals, serial_shops, shop
Shoals:4: shoals_end_simple, layout_shoals, shoals_ilsuiw_alternative,
          serial_shops, shop, shop_fountains, nicolae_shop_stone, shop_statue,
          uniq_polyphemus, uniq_donald
Spider:1: layout_spider_delve, gammafunk_ghost_split,
          nicolae_spider_nooks_and_crannies
Spider:2: layout_spider_delve, uniq_roxanne
Spider:3: layout_spider_delve
Spider:4: hellmonk_spider_rune_bug_friends, nicolae_spider_twisty_arc_passages,
          uniq_arachne
Orc:1:    layout_caves, serial_shops, nicolae_shop_behind_doors, basic_altar,
          uniq_fannar
Orc:2:    st_orc_elflike, layout_diamond_mine, basic_altar, serial_shops,
          nicolae_square_shop, nicolae_shop_competitors_out_of_business,
          nicolae_shop_bloodbath_and_beyond, nicolae_shop_stone, uniq_erolcha
Elf:1:    nicolae_elf_arrival_aired_out, layout_loops_cross, orc_legates,
          nicolae_shop_clearance
Elf:2:    elven_hall_of_blades_hangedman_alternative
          [nicolae_blade_entry_splitting_headache], layout_loops_cross
Elf:3:    elf_hall, layout_loops_ring, uniq_saint_roka
Vaults:1: vaults_room_stairs_pillars, hangedman_vaults_stream, v_misc_2,
          v_misc_14, vaults_standard_mumra_lines,
          nicolae_vaults_network_barrier, vaults_room_octagon,
          vaults_dpeg_emergency_exit, vaults_room_pool, vaults_room_door_ring,
          hangedman_vaults_trim, ontoclasm_vaults_gateway, grunt_vaults_focal,
          layout_vaults_maze_bifur
Vaults:2: v_misc_19, vaults_dpeg_hooks, hangedman_vaults_maws,
          nicolae_vaults_angled_halls, vaults_room_pools, v_rooms_2,
          vaults_standard_mumra_x, vaults_room_corners, v_pattern_5,
          vaults_room_door_hall, ontoclasm_vaults_twist, vaults_dpeg_spiral,
          layout_vaults_omnibox, serial_shops, shop, uniq_margery, uniq_aizul
Vaults:3: gammafunk_ghost_cemetery, vaults_dpeg_ring,
          nicolae_vaults_yaktaur_gun_rack, ontoclasm_vaults_hangar,
          hangedman_vaults_locks, minmay_crypt_entry_simple_box,
          vaults_room_large_hall, hangedman_vaults_trim,
          vaults_room_glass_cross, hangedman_vaults_restitches,
          vaults_room_pools, vaults_room_hallway, ontoclasm_vaults_pinch,
          hangedman_vaults_maws, ontoclasm_vaults_spin,
          nicolae_vaults_little_squares_2, layout_vaults_omnicross,
          serial_shops, shop, uniq_sojobo
Vaults:4: nicolae_vaults_diagonal_hallway_6, kb_rosetta, nicolae_vaults_arrows,
          nicolae_vaults_ninety_degrees, vaults_room_door_hall, v_rooms_3,
          nicolae_vaults_little_squares_6, nicolae_vaults_border_crossing,
          v_misc_15, layout_vaults_chaotic_city, uniq_jory, uniq_boris
Vaults:5
Depths:1: layout_forbidden_donut, grunt_hell_horde, serial_shops, shop,
          abyss_entry_crystal, kennysheep_decorative_pillar,
          minmay_misc_feat_chi, minmay_misc_feat_pillars,
          chequers_serial_rivers_small_3, sword_in_stone
Depths:2: grunt_deathspiral_small, layout_twisted_cross, hangedman_geh_valley,
          small_statue_intersection, pan_entry, infiniplex_staircase_spiral
Depths:3: hangedman_screamer, layout_cave_pools, enter_ziggurat_a, abyss_entry,
          serial_co_window_serial, co_window_corner_a, co_window_corner_a,
          co_window_corner_a, co_window_corner_a, co_window_paths_a,
          co_window_paths_a, co_window_cross_1, co_window_paths_a,
          co_window_paths_b, co_window_unsneaky_path_a, co_window_2corner,
          co_window_paths_c, co_window_4corner_b, glass_columns_c, hell_entry
Depths:4: grunt_zot_entry_hairpin, layout_basic, nicolae_dithmenos_the_darkroom,
          hell_entry, abyss_entry_flame_altar, uniq_frederick, uniq_mennas
Zot:1:    layout_misc_corridors, gammafunk_ghost_wrathful_warriors
Zot:2:    hangedman_orp_of_zott, layout_twisted_circle, nicolae_diode_quadrants,
          lemuel_elevator
Zot:3:    layout_basic, grunt_megastairs_3
Zot:4:    layout_misc_corridors
Zot:5:    layout_misc_corridors

Skill      XL: |  1  2  3  4  5  6  7  8  9 10 11 12 13 14 15 16 17 18 19 20 21 22 23 24 25 26 |
---------------+-------------------------------------------------------------------------------+-----
Maces & Flails | 1 2 3 4 5 |  5.3
Translocations | 1 2 4 |  4.0
Necromancy     | 1 4 7 8 10 11 | 11.8
Shields        | 1 2 4 6 8 14 | 14.0
Stealth        | 1 2 3 5 6 |  6.3
Ice Magic      | 1 2 3 4 5 8 10 | 10.1
Conjurations   | 4 5 9 |  9.2
Spellcasting   | 4 5 6 8 9 13 14 15 16 17 18 | 18.0
Fire Magic     | 4 7 9 10 12 14 16 | 16.2
Dodging        | 4 5 10 12 13 14 15 17 | 17.1
Fighting       | 4 7 10 12 13 15 16 17 19 | 19.1
Evocations     | 3 4 6 9 11 12 13 14 | 14.9
Summonings     | 7 12 14 16 18 20 21 | 21.5
Poison Magic   | 6 |  6.6
Transmutations | 4 6 |  6.3
Hexes          | 6 7 |  7.3
Long Blades    | |  3.4
Air Magic      | |  0.8

Action                     |  1- 3 |  4- 6 |  7- 9 | 10-12 | 13-15 | 16-18 | 19-21 | 22-24 | 25-27 || total
---------------------------+-------+-------+-------+-------+-------+-------+-------+-------+-------++-------
  Melee: Falchion          |     8 |       |       |       |       |       |       |       |       ||     8
         Flail             |    60 |   211 |    37 |       |       |       |       |       |       ||   308
         Punch             |     1 |       |       |       |       |       |       |       |       ||     1
         Tailslap          |     3 |    28 |    34 |    61 |    28 |    25 |    12 |     4 |       ||   195
         Scimitar          |       |       |    23 |       |       |       |       |       |       ||    23
         Morningstar       |       |       |   154 |   408 |   166 |    88 |       |       |       ||   816
         Spear             |       |       |       |     3 |       |    23 |    28 |    12 |     3 ||    69
   Fire: Sling             |    13 |       |       |       |       |       |       |       |       ||    13
  Throw: Dart              |       |     6 |     1 |     1 |     3 |     1 |     2 |       |       ||    14
   Cast: Momentum Strike   |    22 |    20 |    19 |    26 |     6 |       |       |       |       ||    93
         Hailstorm         |       |     1 |     1 |     4 |    11 |       |       |       |       ||    17
         Kiss of Death     |       |     1 |     3 |     2 |     1 |       |       |       |       ||     7
         Blink             |       |       |     1 |       |       |       |       |       |     1 ||     2
         Ozocubu's Armour  |       |       |     1 |    13 |    14 |     3 |    10 |    30 |     8 ||    79
         Flame Wave        |       |       |       |    36 |    22 |       |       |       |       ||    58
         Summon Cactus Gia |       |       |       |       |    69 |    47 |     5 |     1 |       ||   122
         Summon Hydra      |       |       |       |       |    58 |   465 |    78 |    46 |     7 ||   654
         Olgreb's Toxic Ra |       |       |       |       |    10 |    60 |       |       |       ||    70
         Irradiate         |       |       |       |       |       |     8 |     3 |     3 |       ||    14
         Dragon's Call     |       |       |       |       |       |     1 |    65 |    71 |    34 ||   171
         Summon Mana Viper |       |       |       |       |       |       |     3 |     3 |     1 ||     7
         Death Channel     |       |       |       |       |       |       |    26 |    53 |    27 ||   106
         Ignition          |       |       |       |       |       |       |     5 |    18 |       ||    23
         Spellforged Servi |       |       |       |       |       |       |       |    20 |    34 ||    54
         Haunt             |       |       |       |       |       |       |       |       |     5 ||     5
         Swiftness         |       |       |       |       |       |       |       |       |     1 ||     1
         Iron Shot         |       |       |       |       |       |       |       |       |     2 ||     2
 Invoke: Reject Sacrifices |       |       |     1 |       |       |       |       |       |       ||     1
         Curse Item        |       |       |       |     6 |     5 |     3 |     2 |     1 |       ||    17
         Shatter the Chain |       |       |       |     1 |     3 |     2 |     2 |       |       ||     8
Ability: Breathe Steam     |       |       |    46 |   107 |    25 |     6 |     1 |       |       ||   185
  Evoke: Wand              |       |       |     1 |     3 |     9 |     8 |     2 |     7 |     1 ||    31
         Box of beasts     |       |       |       |       |     2 |     3 |       |     2 |     2 ||     9
         Condenser vane    |       |       |       |       |       |       |     2 |       |     4 ||     6
         Phial of floods   |       |       |       |       |       |       |     1 |       |       ||     1
    Use: Scroll            |       |     4 |       |     4 |     3 |     3 |     1 |     6 |     5 ||    26
         Potion            |       |       |       |       |     1 |     1 |       |    14 |     4 ||    20
   Stab: Sleeping          |       |       |     8 |     1 |     1 |       |     1 |       |       ||    11
         Distracted        |       |       |       |       |     3 |     4 |     1 |       |       ||     8
 Armour: Skin              |    27 |    78 |    90 |   140 |   134 |   241 |   111 |    90 |    38 ||   949
  Dodge: Dodged            |    60 |   135 |   140 |   308 |   195 |   395 |   150 |   159 |    71 ||  1613
  Block: Buckler           |     3 |    29 |    53 |   120 |    63 |   110 |    45 |    54 |    26 ||   503

Table legend: (Time is in decaauts)
 A = Elapsed time spent in this place.
 B = Non-inter-level travel time spent in this place.
 C = Inter-level travel time spent in this place.
 D = Time resting spent in this place.
 E = Time spent auto-exploring this place.
 F = Levels seen in this place.
 G = Mean time per level.
                   A        B        C        D        E       F      G
               +--------+--------+--------+--------+--------+-----+--------+
         Total |  78757 |  70184 |   8573 |  18089 |  35280 |  53 | 1486.0 |
       Dungeon |  23090 |  19447 |   3643 |   4782 |  10368 |  15 | 1539.3 |
        Temple |     95 |     95 |      0 |      0 |     70 |   1 |   95.0 |
          Lair |   7539 |   6941 |    598 |   2035 |   3573 |   5 | 1507.8 |
        Shoals |   5502 |   5051 |    451 |   1580 |   2350 |   4 | 1375.5 |
   Spider Nest |   5471 |   5188 |    283 |   1870 |   2454 |   4 | 1367.8 |
  Orcish Mines |   2830 |   2080 |    750 |    561 |    981 |   2 | 1415.0 |
   Elven Halls |   4502 |   4205 |    297 |   1046 |   1905 |   3 | 1500.7 |
        Vaults |   9518 |   9215 |    303 |   1242 |   5484 |   5 | 1903.6 |
        Depths |   7984 |   6521 |   1463 |   1459 |   3165 |   4 | 1996.0 |
           Zot |   9032 |   8249 |    783 |   2010 |   4536 |   5 | 1806.4 |
         Trove |     47 |     47 |      0 |      0 |      7 |   1 |   47.0 |
       Ossuary |    336 |    336 |      0 |     59 |     79 |   1 |  336.0 |
        Bailey |    811 |    811 |      0 |    303 |    116 |   1 |  811.0 |
      Ice Cave |    705 |    705 |      0 |    430 |     27 |   1 |  705.0 |
      Gauntlet |   1290 |   1290 |      0 |    711 |    162 |   1 | 1290.0 |
               +--------+--------+--------+--------+--------+-----+--------+

Top non-repeatable levels by time:
  Lair:2: 2933 daAuts
   Zot:5: 2904 daAuts
Depths:2: 2649 daAuts
    D:14: 2514 daAuts
    D:11: 2451 daAuts
Vaults:5: 2382 daAuts
   Zot:2: 2109 daAuts
   Orc:2: 2029 daAuts
   Elf:1: 2002 daAuts
    D:13: 1963 daAuts
Vaults:3: 1953 daAuts
   Zot:3: 1930 daAuts
Depths:4: 1918 daAuts
Vaults:4: 1891 daAuts
     D:9: 1822 daAuts
